 Dungeon Crawl Stone Soup version 0.28.0-53-g5a82cb258f (webtiles) character file.

Game seed: 15114177660156501090

639 quixfox the Chopper (level 7, -10/62 HPs)
             Began as a Minotaur Fighter on July 14, 2022.
             Killed by divine providence
             ... invoked by an orc priest
              (15 damage)
             ... on level 4 of the Dungeon.
             The game lasted 00:06:40 (3899 turns).

quixfox the Chopper (Minotaur Fighter)              Turns: 3899, Time: 00:06:40

Health: -10/62     AC: 12    Str: 23    XL:     7   Next: 26%
Magic:  6/6        EV:  7    Int:  5    God:
Gold:   173        SH:  4    Dex:  9    Spells: 6/6 levels left

rFire   . . .      SeeInvis +   a - +0 war axe
rCold   . . .      Faith    .   c - +0 buckler
rNeg    . . .      Spirit   .   q - +0 chain mail
rPois   .          Reflect  .   (helmet restricted)
rElec   .          Harm     .   n - +0 cloak
rCorr   .          Rampage  .   p - +0 pair of gloves
Will    .....                   (no boots)
Stlth   ..........              (no amulet)
HPRegen 0.20/turn               i - ring of see invisible
MPRegen 0.10/turn               (no ring)

@: no status effects
A: horns 2, retaliatory headbutt
a: no special abilities


You were on level 4 of the Dungeon.
You visited 1 branch of the dungeon, and saw 4 of its levels.
You also visited: Ossuary.

You collected 173 gold pieces.

Inventory:

Hand Weapons
 a - a +0 war axe (weapon)
Armour
 c - a +0 buckler (worn)
 n - a +0 cloak (worn)
 p - a +0 pair of gloves (worn)
 q - a +0 chain mail (worn)
Jewellery
 i - a ring of see invisible (left hand)
Wands
 e - a wand of acid (9)
 t - a wand of mindburst (20)
Scrolls
 b - a scroll of amnesia {unknown}
 g - 2 scrolls of magic mapping {unknown}
 k - a scroll of silence {unknown}
 l - a scroll of fear {unknown}
 r - a scroll of holy word {unknown}
 u - a scroll of summoning {unknown}
 v - a scroll of noise {unknown}
Potions
 d - 2 potions of might
 f - 3 potions of magic
 h - a potion of mutation
 j - a potion of resistance
 m - a potion of heal wounds {unknown}
 o - 7 potions of curing
 s - a potion of flight {unknown}
 w - a potion of lignification {unknown}


   Skills:
 + Level 5.9 Fighting
 * Level 7.1 Axes
 + Level 5.9 Armour
 - Level 3.6 Shields


You had 6 spell levels left.
You didn't know any spells.
Your spell library contained the following spells:

 Spells                   Type           Power      Damage    Failure   Level
 Ensorcelled Hibernation  Hex/Ice        0%         N/A       100%        2
 Spider Form              Tmut/Pois      0%         N/A       100%        3
 Anguish                  Hex/Necr       0%         N/A       100%        4


Dungeon Overview and Level Annotations

Branches:
Dungeon (4/15)            Ossuary (visited)
 Temple: D:4-7

Altars:
Uskayaw


Innate Abilities, Weirdness & Mutations

You have a pair of horns on your head.
You reflexively headbutt those who attack you in melee.


Message History

The iguana bites you!
You hit the iguana but do no damage. Your headbutt misses the iguana.
The iguana closely misses you. The iguana bites you.
You slash the iguana! Your headbutt misses the iguana.
The iguana is almost dead.
The iguana bites you but does no damage.
You hit the iguana.
You kill the iguana!
An orc priest comes into view. It is wielding a +0 hand axe.
The orc priest shouts!
You hear a shout! x2
You see here an iguana corpse.
Found a dagger and a scroll labelled FIMUOTE JIZI.
An orc wizard comes into view. It is wielding a +0 club.
There are monsters nearby!
The orc priest calls down the wrath of Beogh upon you.
Pain shoots through your body!
An orc warrior and an orc come into view.
The orc warrior shouts!
The orc priest hits you but does no damage.
You closely miss the orc priest. Your headbutt misses the orc priest.
You barely miss the orc wizard.
The orc wizard gestures wildly while chanting.
The orc wizard flickers and vanishes for a moment.
The orc priest hits you with a +0 hand axe.
You hit the orc priest. You headbutt the orc priest!
The orc priest is almost dead.
You hit the orc wizard but do no damage.
The orc wizard hits you but does no damage.
The orc warrior hits you from afar with a +0 glaive!!
The orc priest invokes the aid of Beogh against you.
Beogh smites you!
* * * LOW HITPOINT WARNING * * *
You hit the orc priest.
The orc priest is almost dead.
You hit the orc wizard but do no damage.
The orc warrior hits you from afar with a +0 glaive!
* * * LOW HITPOINT WARNING * * *
The orc priest calls down the wrath of Beogh upon you.
Beogh smites you!
You die...

#.# ##..### ##.##
#...#?#.##
##...###..##.##...
......#......#.#...#
#####...#..##.##...
##..[.†#.#...#
##.####.##...#.##
#..#)..#.........
#..#...#.@.#####
...#...#.oo#
#.####)####o##..#
#.####.)S$o# ...#
#.##gS.#...# ##..#
#.##.###.....# ...#
## #.##S##.. #..#
#.# .# #.##(##.# ..
.# .###.##.# .


You could see an orc warrior, an orc priest, an orc wizard (invisible) and an
orc.

Vanquished Creatures
  Edmund (D:4)
  A water moccasin zombie (Ossuary)
  A water moccasin skeleton (D:4)
  A howler monkey (D:4)
  2 hounds (D:4)
  A centaur skeleton (D:4)
  A jelly (D:4)
  2 iguanas (D:4)
  2 mummies (Ossuary)
  3 gnolls (D:4)
  4 adders
  A white imp (D:3)
  5 adder zombies (Ossuary)
  2 worms
  A dart slug (D:3)
  3 orcs (D:3)
  6 bats
  6 endoplasms
  4 giant cockroaches
  3 gnoll zombies (Ossuary)
  11 goblins
  5 hobgoblins
  8 kobolds
  5 quokkas
  6 ball pythons
  5 frilled lizards
  3 hobgoblin zombies (Ossuary)
  5 kobold zombies (Ossuary)
  5 orc zombies (Ossuary)
  6 rats
109 creatures vanquished.

Notes
Turn   | Place    | Note
-------+----------+-------------------------------------------
     0 | D:1      | quixfox the Minotaur Fighter began the quest for the Orb.
     0 | D:1      | Reached XP level 1. HP: 19/19 MP: 0/0
   122 | D:1      | Reached skill level 3 in Axes
   122 | D:1      | Reached XP level 2. HP: 26/27 MP: 1/1
   929 | D:1      | Found a faded altar of an unknown god.
  1371 | D:2      | Reached XP level 3. HP: 33/33 MP: 2/2
  2051 | D:3      | Reached skill level 4 in Axes
  2274 | D:3      | Found a hide-covered altar of Uskayaw.
  2427 | D:3      | Reached XP level 4. HP: 34/41 MP: 3/3
  2732 | D:4      | Noticed Edmund
  2738 | D:4      | Killed Edmund
  2739 | D:4      | Reached skill level 5 in Axes
  2739 | D:4      | Reached XP level 5. HP: 41/47 MP: 1/4
  2823 | D:4      | Reached skill level 5 in Fighting
  2823 | D:4      | Reached skill level 5 in Armour
  2824 | D:4      | Found a sand-covered staircase.
  2873 | Ossuary  | Entered an ossuary
  3037 | Ossuary  | Reached XP level 6. HP: 56/56 MP: 5/5
  3162 | Ossuary  | Reached skill level 6 in Axes
  3557 | D:4      | Reached XP level 7. HP: 20/62 MP: 6/6
  3624 | D:4      | Reached skill level 7 in Axes
  3899 | D:4      | Killed from afar by an orc priest

Illustrated notes

Levels and vault maps discovered:
D:1:      wander_arrival_estate, layout_basic, serial_forest,
          infiniplex_forest_3_way, infiniplex_forest_straight_1,
          infiniplex_forest_straight_4, infiniplex_forest_join,
          infiniplex_forest_end_2, infiniplex_forest_clump_tiny,
          infiniplex_forest_end_3, hellmonk_ecumenical_altar_inner_sanctum,
          st_stairs_3
D:2:      layout_loops_ring, minmay_cupped
D:3:      layout_rooms, mainiacjoe_overflow_paths, st_stairs_12
D:4:      layout_loops_ring, lightli_ossuary_entry_decrepit_ruins,
          minmay_vboxes, uniq_edmund

Skill      XL: |  1  2  3  4  5  6  7 |
---------------+----------------------+-----
Axes           | 3 4 5 6 7 |  7.1
Fighting       | 4 5 |  5.9
Armour         | 4 5 |  5.9
Shields        | |  3.6

Action                   |  1- 3 |  4- 6 |  7- 9 || total
-------------------------+-------+-------+-------++-------
Melee: War axe           |    98 |   127 |    33 ||   258
       Headbutt          |    14 |    26 |     6 ||    46
  Use: Scroll            |       |     4 |       ||     4
Armor: Scale mail        |    29 |       |       ||    29
       Chain mail        |    13 |    86 |    20 ||   119
Dodge: Dodged            |    49 |    38 |    11 ||    98
Block: Buckler           |    16 |    30 |     7 ||    53
